AoeStats
← crtolino93

Socotra

504506311Analyzed
2v2 RM · 27d ago on Sep 5, 2026· 44m 2s· 4 players
Game mode
Random Map
Map size
Tiny (2 player)
Population
200
Speed
Normal
Resources
Standard
Victory
Conquest
Starting age
Dark Age
Ending age
Imperial Age
RankedLock teamsTeams togetherTeam positionsShared explorationLock speedFull tech treeHidden civsTurbo modeCheats
Victory
Defeat
🇦🇺 Spanish · Australia
1143
+14
🇸🇮 Ethiopians · Slovenia
1106
+15
🇧🇷 Koreans · Brazil
1212
-19
🇧🇷 Persians · Brazil
974
-10
crtolino93
1:37 Loom
11:16 Feudal Age
12:44 Double-Bit Axe
17:27 Castle Age
18:29 Horse Collar
18:39 Crossbowman
19:27 Fletching
22:34 Padded Archer Armor
22:31 Bodkin Arrow
24:07 Leather Archer Armor
24:32 Wheelbarrow
26:51 Town Watch
30:30 Ballistics
30:37 Heavy Plow
30:44 Scale Mail Armor
30:57 Bow Saw
33:01 Thumb Ring
37:45 Imperial Age
35:33 Hand Cart
36:35 Gold Mining
36:37 Stone Mining
37:05 Masonry
37:47 Forging
37:52 Chain Mail Armor
38:13 Squires
37:47 Arbalester
38:38 Bracer
39:56 Chemistry
40:50 Ring Archer Armor
Unchained96
5:55 Loom
9:23 Feudal Age
10:04 Double-Bit Axe
10:29 Horse Collar
17:24 Wheelbarrow
21:58 Castle Age
20:55 Bloodlines
23:27 Scale Barding Armor
23:33 Forging
24:38 Chain Barding Armor
24:59 Forging
30:50 Husbandry
33:12 Bow Saw
34:44 Hand Cart
35:13 Herbal Medicine
42:31 Imperial Age
41:22 Iron Casting
42:32 Cavalier
43:48 Plate Barding Armor
44:14 Blast Furnace
GuilhermeCorage
9:34 Loom
11:45 Feudal Age
12:10 Double-Bit Axe
16:01 Forging
17:11 Bloodlines
17:35 Scale Barding Armor
24:25 Castle Age
24:23 Gold Mining
24:57 Husbandry
25:37 Iron Casting
25:55 Bow Saw
26:27 Chain Barding Armor
27:58 Horse Collar
29:41 Gold Shaft Mining
30:34 Heavy Plow
32:31 Wheelbarrow
31:46 Town Watch
35:25 Hand Cart
41:15 Imperial Age
41:14 Cavalier
43:13 Plate Barding Armor
44:19 Blast Furnace
42:59 Cavalier
Katraca
6:41 Loom
9:24 Feudal Age
9:57 Double-Bit Axe
15:29 Fletching
27:38 Castle Age
26:14 Gold Mining
28:13 Bodkin Arrow
28:27 Thumb Ring
27:48 Crossbowman
29:00 Bow Saw
36:32 Ballistics
40:02 Imperial Age
38:41 Masonry
38:37 Scale Mail Armor
38:00 Pikeman
38:41 Squires
41:29 Bracer
43:31 Chemistry
Connection lost

Rejoining the realm…

Still unreachable

The connection could not be restored.

Session expired

The server has moved on; the page needs a fresh start.